 Dungeon Crawl Stone Soup version 0.32-a0-613-g40f424ee2b (webtiles) character file.

Game seed: 16138796387223152756

108054 GordonOverkill the Earth Mage (level 16, -8/151 HPs)
             Began as a Deep Elf Delver on Mar 5, 2024.
             Was a High Priest of Vehumet.
             Mangled by a black mamba (9 damage)
             ... led by a naga ritualist
             ... on level 1 of the Snake Pit.
             The game lasted 01:09:56 (44127 turns).

GordonOverkill the Earth Mage (Deep Elf Delver)    Turns: 44127, Time: 01:09:57

Health: -8/151     AC: 28    Str:  9    XL:     16   Next: 1%
Magic:  45/46      EV:  2    Int: 24    God:    Vehumet [*****.]
Gold:   2055       SH:  0    Dex: 16    Spells: 15/45 levels left

rFire   . . .        a - +4 dagger (elec)
rCold   + + +        (no shield)
rNeg    . . .        Q - melded +2 ring mail {rPois}
rPois   +            o - melded +2 helmet
rElec   .            D - melded +2 cloak
rCorr   .            e - melded +2 pair of gloves
SInv    .            (boots currently unavailable)
Will    +....        r - amulet of the acrobat
Stlth   +++          N - ring of magical power
HPRegen 0.45/turn    w - ring of Gusoshre {^Drain rPois rC+++ Slay+3}
MPRegen 0.30/turn

%: acrobat
@: lethally poisoned (-8 -> -10), tree-form
A: stationary, stasis, torment immunity, boosted hp
a: Renounce Religion


You were on level 1 of the Snake Pit.
You worshipped Vehumet.
Vehumet was extremely pleased with you.
You were a tree.
You visited 5 branches of the dungeon, and saw 24 of its levels.

You collected 2461 gold pieces.
You spent 406 gold pieces at shops.

Inventory:

Hand Weapons
 a - a +4 dagger of electrocution (weapon)
Missiles
 v - 4 curare-tipped darts (quivered)
 x - 6 throwing nets
Armour
 e - a +2 pair of gloves (melded)
 o - a +2 helmet (melded)
 D - a +2 cloak (melded)
 Q - a +2 ring mail of poison resistance (melded)
 R - a +1 robe of resistance
Magical Staves
 z - a staff of earth
Jewellery
 h - a ring of protection from cold
 m - a ring of resist corrosion
 r - an amulet of the acrobat (around neck)
 s - a ring of see invisible
 t - a ring of willpower
 w - the ring of Gusoshre (right branch) {^Drain rPois rC+++ Slay+3}
   (You found it on level 1 of the Lair of Beasts)

   [ring of poison resistance]

   Slay+3:    It affects your accuracy & damage with ranged weapons and melee
   (+3).
   rC+++:     It renders you almost immune to cold.
   rPois:     It protects you from poison.
   ^Drain:    It drains your maximum health when unequipped.
 y - a ring of magical power
 C - a ring of wizardry
 L - a ring of ice
 N - a ring of magical power (left branch)
Wands
 g - a wand of digging (2)
 B - a wand of mindburst (27)
 O - a wand of warping (8)
 S - a wand of flame (12)
Scrolls
 d - a scroll of revelation
 i - 11 scrolls of teleportation
 k - 3 scrolls of amnesia
 n - a scroll of enchant armour
 q - a scroll of silence
 F - 2 scrolls of immolation
 G - 7 scrolls of identify
 P - 2 scrolls of brand weapon
 U - a scroll of poison
Potions
 f - 4 potions of haste
 j - a potion of lignification
 p - 5 potions of mutation
 u - a potion of attraction
 A - a potion of magic
 E - 2 potions of enlightenment
 H - 4 potions of might
 J - 11 potions of ambrosia
 K - 3 potions of brilliance
 T - a potion of cancellation


   Skills:
 + Level 11.9 Fighting
 - Level 3.0 Short Blades
 - Level 1.0 Throwing
 - Level 5.0 Dodging
 - Level 6.0 Stealth
 - Level 15.0 Spellcasting
 - Level 10.0 Conjurations
 - Level 7.0 Necromancy
 - Level 2.0 Translocations
 + Level 4.0 Ice Magic
 - Level 5.0 Air Magic
 - Level 20.0 Earth Magic
 - Level 5.0 Evocations


You had 15 spell levels left.
You knew the following spells:

 Your Spells              Type           Power      Damage    Failure   Level
a - Vampiric Draining     Necr           51%        2d9       1%          3
b - Apportation           Tloc           54%        N/A       1%          1
c - Stone Arrow           Conj/Erth      100%       3d13      0%          3
d - Mephitic Cloud        Conj/Alch/Air  42%        N/A       1%          3
e - Passwall              Erth           85%        N/A       0%          3
f - Borgnjor's Vile Clut  Necr/Erth      35%        N/A       1%          5
g - Lee's Rapid Deconstr  Erth           42%        3d21*     0%          5
h - Ozocubu's Refrigerat  Ice            18%        4d11      75%         7

Your spell library contained the following spells:

 Spells                   Type           Power      Damage    Failure   Level
 Sandblast                Erth           100%       2d20      0%          1
 Freeze                   Ice            100%       1d10      1%          1
 Necrotise                Necr           100%       1d9       1%          1
 Sting                    Conj/Alch      100%       1d9       1%          1
 Mercury Vapours          Alch/Air       60%        N/A       1%          2
 Frozen Ramparts          Ice            74%        1d12      1%          3
 Fugue of the Fallen      Necr           51%        N/A       1%          3
 Hailstorm                Conj/Ice       51%        3d10      1%          3
 Ozocubu's Armour         Ice            37%        N/A       1%          3
 Brom's Barrelling Bould  Conj/Erth      74%        2d9       1%          4
 Freezing Cloud           Conj/Ice/Air   24%        6-21      1%          5
 Iskenderun's Battlesphe  Conj           60%        2d11      1%          5
 Inner Flame              Hex/Fire       18%        N/A       2%          3
 Slow                     Hex            72%        N/A       3%          1
 Summon Small Mammal      Summ           72%        N/A       3%          1
 Fireball                 Conj/Fire      21%        3d10      3%          5
 Irradiate                Conj/Alch      21%        3d18      3%          5
 Jinxbite                 Hex            36%        N/A       4%          2
 Summon Ice Beast         Ice/Summ       27%        N/A       4%          3
 Curse of Agony           Necr           51%        N/A       4%          5
 Conjure Ball Lightning   Conj/Air       26%        3x3d7     6%          6
 Martyr's Knell           Necr/Summ      34%        N/A       8%          4
 Ignite Poison            Fire/Alch      18%        N/A       9%          4
 Sticky Flame             Fire/Alch      18%        2d6       9%          4
 Confusing Touch          Hex            18%        N/A       10%         3
 Sigil of Binding         Hex            18%        N/A       10%         3
 Orb of Destruction       Conj           30%        9d10      12%         7
 Manifold Assault         Tloc           27%        N/A       14%         4
 Alistair's Intoxication  Alch           12%        N/A       65%         5
 Eringya's Noxious Bog    Alch           9%         4d6       71%         6
 Sculpt Simulacrum        Ice/Alch       13%        N/A       91%         6
 Ignition                 Fire           9%         3d5       100%        8


Dungeon Overview and Level Annotations

Branches:
Dungeon (15/15)            Temple (1/1) D:4            Lair (5/5) D:10
 Shoals (0/4) Lair:3        Snake (1/4) Lair:2        Slime (0/5) Lair:5
    Orc (2/2) D:9             Elf (0/3) Orc:2        Vaults (0/5) D:14
 Depths (0/4) D:15

Altars:
Ashenzari
Cheibriados
Dithmenos
Elyvilon
Fedhas
Gozag
Hepliaklqana
Kikubaaqudgha
Makhleb
Nemelex Xobeh
Okawaru
Qazlal
Ru
Sif Muna
Trog
Uskayaw
Vehumet
Wu Jian
Xom
Yredelemnul
Zin
The Shining One
Jiyva

Shops:
D:13 !

Portals:
Trove: D:13 (give horn of Geryon)


Message History

* * * LOW HITPOINT WARNING * * *
You feel better. The black mamba bites you.
* * * LOW HITPOINT WARNING * * *
You are poisoned.
The black mamba poisons you!
The black mamba bites you but does no damage. x3
The black mamba bites you!
* * * LOW HITPOINT WARNING * * *
The naga ritualist utters an invocation to its god.
The naga ritualist begins to radiate toxic energy.
* * * LOW HITPOINT WARNING * * *
You are more poisoned.
The black mamba bites you but does no damage. x5
Okay, then.
You feel better.
* * * LOW HITPOINT WARNING * * *
You are poisoned.
The black mamba bites you.
* * * LOW HITPOINT WARNING * * *
The black mamba bites you but does no damage. x2
The black mamba bites you.
* * * LOW HITPOINT WARNING * * *
The black mamba bites you but does no damage. x5
The black mamba bites you!
* * * LOW HITPOINT WARNING * * *
You feel better.
* * * LOW HITPOINT WARNING * * *
You are poisoned.
The black mamba bites you but does no damage.
The black mamba barely misses you. x2; The black mamba bites you!
* * * LOW HITPOINT WARNING * * *
The black mamba bites you but does no damage.
The black mamba bites you.
* * * LOW HITPOINT WARNING * * *
The black mamba bites you but does no damage.
The black mamba bites you!
* * * LOW HITPOINT WARNING * * *
The black mamba bites you but does no damage.
The black mamba bites you!
You die...

.. #..
######...
.....!..#
#......#
#.....!#
#SS...#
#♣SN.#
#SS.##
#....#
#.....#
.......#
.........
####.....
#####


You could see a naga ritualist (toxic aura) and 5 black mambas.

Vanquished Creatures
  Jorgrun (D:12)
  Kirke (D:14)
  Roxanne (D:15)
  A dire elephant (Lair:5)
  An ettin (D:14)
  Josephine (D:15)
  A fire dragon (Lair:5)
  A rakshasa (D:15)
  6 hydras
  A vault guard (D:13)
  An anaconda (Lair:2)
  2 ogre magi
  7 centaur warriors
  A boulder beetle (D:13)
  Erica (Orc:1)
  2 tengu warriors
  9 two-headed ogres
  4 death yaks
  A vampire mage (D:14)
  Urug (Lair:5)
  Nergalle (D:12)
  3 skeletal warriors (D:15)
  Lodul (D:12)
  A storm dragon skeleton (D:15)
  A spark wasp zombie (D:15)
  6 orc knights
  2 lindwurms (Lair:5)
  A deep elf pyromancer (D:14)
  Maurice (D:7)
  A necromancer (D:15)
  17 ugly things
  6 cyclopes
  2 manticores
  4 orc sorcerers
  A salamander (Lair:2)
  A merfolk siren (Lair:3)
  22 elephants
  10 black mambas
  3 kobold blastminers (Orc:2)
  Joseph (Lair:1)
  3 molten gargoyles (Lair:5)
  4 gargoyles
  A cane toad (shapeshifter) (D:15)
  2 unseen horrors (D:12)
  10 cane toads
  An unseen horror (shapeshifter) (D:15)
  A freezing wraith (D:14)
  14 komodo dragons
  An efreet (D:13)
  Jeremiah (D:7)
  A tengu conjurer (D:15)
  3 rime drakes
  Psyche (D:12)
  7 trolls
  5 polar bears
  3 merfolk (Lair:3)
  A queen bee (Lair:1)
  A wolf spider simulacrum (D:14)
  19 blink frogs
  7 dream sheep (Lair:2)
  5 wraiths
  12 slime creatures
  A spriggan (shapeshifter) (D:13)
  A shadow (D:9)
  4 fire bats (Lair:4)
  33 yaks
  6 wargs
  7 hogs (D:14)
  4 basilisks
  4 wyverns
  4 steam dragons
  11 vampire mosquitoes
  17 water moccasins
  4 hell hounds (Lair:5)
  34 orc warriors
  3 black bears
  3 ice beasts
  2 laughing skulls (D:13)
  16 ogres
  15 wolves
  25 centaurs
  A kobold brigand (D:9)
  A phantom (D:7)
  2 gnoll sergeants
  10 bullfrogs
  4 scorpions
  4 wights (D:10)
  35 killer bees
  A bombardier beetle (D:5)
  5 lava snakes (Lair:5)
  6 jellies
  16 orc priests
  6 hounds
  16 orc wizards
  3 adders
  16 gnolls
  A shadow imp (D:7)
  A white imp (D:7)
  2 dart slugs (D:5)
  A ribbon worm (D:3)
  77 orcs
  A bat (D:3)
  6 endoplasms
  A giant cockroach (D:4)
  10 goblins
  14 hobgoblins
  3 jackals (D:1)
  16 kobolds
  7 quokkas
  6 ball pythons
  3 frilled lizards
701 creatures vanquished.

Notes
Turn   | Place    | Note
-------+----------+-------------------------------------------
     0 | D:5      | GordonOverkill the Deep Elf Delver began the quest for the
                  | Orb.
     0 | D:5      | Reached XP level 1. HP: 13/13 MP: 3/3
    20 | D:6      | Reached XP level 2. HP: 19/19 MP: 4/4
    84 | D:6      | Noticed an ice beast
   125 | D:7      | Noticed Jeremiah
   351 | D:2      | Reached skill level 1 in Spellcasting
   434 | D:3      | Reached skill level 1 in Conjurations
   658 | D:1      | Reached skill level 1 in Evocations
   687 | D:1      | Reached XP level 3. HP: 20/23 MP: 6/6
   914 | D:1      | Learned a level 3 spell: Vampiric Draining
  1680 | D:2      | Reached skill level 1 in Throwing
  1895 | D:2      | Reached XP level 4. HP: 28/28 MP: 7/7
  2128 | D:3      | Noticed a centaur
  2140 | D:3      | Killed a centaur
  2141 | D:3      | Reached XP level 5. HP: 24/32 MP: 7/9
  2363 | D:3      | Noticed an orc warrior
  2382 | D:3      | Killed an orc warrior
  2779 | D:3      | Reached XP level 6. HP: 37/37 MP: 1/12
  3640 | D:4      | Reached skill level 5 in Necromancy
  3990 | D:4      | Found a staircase to the Ecumenical Temple.
  4063 | Temple   | Entered the Ecumenical Temple
  4089 | Temple   | Became a worshipper of Vehumet
  4778 | D:3      | Reached skill level 5 in Spellcasting
  5154 | D:4      | Reached XP level 7. HP: 41/41 MP: 16/16
  5444 | D:4      | Found a glowing golden altar of the Shining One.
  5738 | D:5      | Learned a level 1 spell: Apportation
  5742 | D:5      | Learned a level 3 spell: Stone Arrow
  5808 | D:4      | Reached skill level 1 in Earth Magic
  6022 | D:4      | Reached skill level 2 in Earth Magic
  6517 | D:5      | Reached skill level 3 in Earth Magic
  6684 | D:5      | Reached XP level 8. HP: 43/46 MP: 10/17
  6930 | D:5      | Reached skill level 4 in Earth Magic
  7574 | D:6      | Reached skill level 5 in Earth Magic
  7960 | D:6      | Reached * piety under Vehumet
  7960 | D:6      | Offered knowledge of Magic Dart by Vehumet.
  8083 | D:6      | Identified the +1 ring mail of the Armoured One {Dex+4}
  8214 | D:6      | Reached skill level 6 in Earth Magic
  8391 | D:6      | Reached skill level 7 in Earth Magic
  9842 | D:7      | Killed Jeremiah
  9843 | D:7      | Reached skill level 8 in Earth Magic
  9852 | D:7      | Reached XP level 9. HP: 28/50 MP: 1/18
 10112 | D:6      | Reached skill level 9 in Earth Magic
 10594 | D:7      | Noticed Maurice
 10759 | D:7      | Found a blossoming altar of Fedhas.
 10760 | D:7      | Found an opulent altar of Gozag.
 10770 | D:7      | Reached skill level 10 in Earth Magic
 10999 | D:7      | Found a shimmering altar of Xom.
 11021 | D:7      | Found a snail-covered altar of Cheibriados.
 11026 | D:7      | Offered knowledge of Foxfire by Vehumet.
 11114 | D:7      | Killed Maurice
 11115 | D:7      | Reached skill level 11 in Earth Magic
 11305 | D:8      | Reached ** piety under Vehumet
 11513 | D:8      | Reached skill level 12 in Earth Magic
 11610 | D:8      | Found a shadowy altar of Dithmenos.
 11902 | D:8      | Found a hazy altar of Hepliaklqana.
 12503 | D:8      | Reached XP level 10. HP: 49/56 MP: 0/19
 12933 | D:8      | Reached skill level 13 in Earth Magic
 13435 | D:9      | Noticed a two-headed ogre
 13439 | D:9      | Killed a two-headed ogre
 13570 | D:9      | Reached skill level 14 in Earth Magic
 13586 | D:9      | Offered knowledge of Volatile Blastmotes by Vehumet.
 13711 | D:9      | Found a staircase to the Orcish Mines.
 14677 | D:9      | Noticed a two-headed ogre
 14683 | D:9      | Killed a two-headed ogre
 14684 | D:9      | Reached skill level 15 in Earth Magic
 14855 | D:9      | Reached *** piety under Vehumet
 15152 | D:9      | Learned a level 3 spell: Mephitic Cloud
 15156 | D:9      | Learned a level 3 spell: Passwall
 15187 | D:10     | Entered Level 10 of the Dungeon
 15220 | D:10     | Found a staircase to the Lair.
 15693 | D:10     | Noticed a two-headed ogre
 15700 | D:10     | Killed a two-headed ogre
 15701 | D:10     | Reached XP level 11. HP: 60/60 MP: 8/20
 15874 | D:10     | Reached skill level 16 in Earth Magic
 16388 | Lair:1   | Entered Level 1 of the Lair of Beasts
 16683 | D:10     | Offered knowledge of Flame Wave by Vehumet.
 17245 | Lair:1   | Identified the ring of Gusoshre {^Drain rPois rC+++ Slay+3}
 17574 | Lair:1   | Noticed Joseph
 17584 | Lair:1   | Killed Joseph
 17787 | Lair:1   | Reached skill level 10 in Spellcasting
 18130 | Lair:1   | Reached skill level 5 in Fighting
 18148 | Lair:1   | Reached **** piety under Vehumet
 18516 | Lair:1   | Offered knowledge of Arcjolt by Vehumet.
 19044 | Lair:1   | Reached XP level 12. HP: 70/70 MP: 21/28
 19453 | Lair:2   | Reached skill level 5 in Dodging
 19645 | Lair:2   | Reached ***** piety under Vehumet
 19788 | Lair:2   | Offered knowledge of Starburst by Vehumet.
 19817 | Lair:2   | Reached skill level 5 in Conjurations
 20427 | Lair:2   | Found a staircase to the Snake Pit.
 21054 | Lair:2   | Reached skill level 10 in Conjurations
 21548 | Lair:3   | Learned a level 5 spell: Borgnjor's Vile Clutch
 21637 | Lair:2   | Reached skill level 5 in Evocations
 22437 | Lair:3   | Reached XP level 13. HP: 51/74 MP: 30/30
 22889 | Lair:3   | Found a staircase to the Shoals.
 24112 | Lair:3   | Found a staircase to the Shoals.
 26739 | Lair:5   | Entered Level 5 of the Lair of Beasts
 26753 | Lair:5   | Reached skill level 15 in Spellcasting
 26758 | Lair:5   | Reached skill level 1 in Air Magic
 27496 | Lair:5   | Reached skill level 5 in Air Magic
 27509 | Lair:5   | Reached skill level 1 in Translocations
 28026 | Lair:5   | Noticed a dire elephant
 28046 | Lair:5   | Killed a dire elephant
 28444 | Lair:5   | Offered knowledge of Lee's Rapid Deconstruction by Vehumet.
 28505 | Lair:5   | Learned a level 5 spell: Lee's Rapid Deconstruction
 28729 | Lair:5   | Reached XP level 14. HP: 63/80 MP: 12/35
 28756 | Lair:5   | Reached skill level 17 in Earth Magic
 29115 | Lair:5   | Found a large runed translucent door.
 29116 | Lair:5   | Found a large runed translucent door.
 29973 | Lair:5   | Noticed Urug
 29978 | Lair:5   | Killed Urug
 30173 | Lair:5   | Reached skill level 18 in Earth Magic
 30448 | Lair:5   | Found a viscous altar of Jiyva.
 30449 | Lair:5   | Found a staircase to the Slime Pits.
 32354 | D:12     | Noticed Nergalle
 32360 | D:12     | Killed Nergalle
 32441 | D:12     | Noticed Psyche
 32445 | D:12     | Killed Psyche
 32611 | D:12     | Noticed Lodul
 32998 | D:12     | Killed Lodul
 33205 | D:12     | Noticed Jorgrun
 33543 | D:12     | Killed Jorgrun
 34425 | D:12     | Found a sacrificial altar of Ru.
 35125 | D:13     | Found Guipil's Distillery.
 35151 | D:13     | Bought a potion of cancellation for 112 gold pieces
 35151 | D:13     | Bought a potion of curing for 42 gold pieces
 35151 | D:13     | Bought a potion of haste for 140 gold pieces
 35151 | D:13     | Bought a potion of mutation for 112 gold pieces
 35190 | D:13     | Offered knowledge of Bombard by Vehumet.
 35682 | D:13     | Reached skill level 10 in Fighting
 36643 | D:13     | Reached XP level 15. HP: 89/92 MP: 36/36
 36690 | D:13     | Found a portal to a secret trove of treasure.
 37711 | D:14     | Found a gate to the Vaults.
 37879 | D:14     | Reached skill level 19 in Earth Magic
 37931 | D:14     | Noticed Kirke
 38168 | D:14     | Killed Kirke
 38643 | D:15     | Entered Level 15 of the Dungeon
 39445 | D:15     | Reached skill level 20 in Earth Magic
 40089 | D:15     | Found a staircase to the Depths.
 40857 | D:15     | Noticed Roxanne
 40862 | D:15     | Killed Roxanne
 40974 | D:15     | Noticed Josephine
 40977 | D:15     | Killed Josephine
 41290 | Orc:1    | Entered Level 1 of the Orcish Mines
 41295 | Orc:1    | Offered knowledge of Ozocubu's Refrigeration by Vehumet.
 41526 | Orc:1    | Noticed Erica
 41613 | Orc:1    | Killed Erica
 41695 | Orc:1    | Learned a level 7 spell: Ozocubu's Refrigeration
 41837 | Orc:2    | Entered Level 2 of the Orcish Mines
 42180 | Orc:2    | Reached skill level 1 in Ice Magic
 43147 | Orc:2    | Found a staircase to the Elven Halls.
 43721 | Orc:2    | Reached XP level 16. HP: 89/101 MP: 24/37
 43994 | Snake:1  | Entered Level 1 of the Snake Pit
 44127 | Snake:1  | HP: 1/151 [black mamba[a naga ritualist] (7)]
 44127 | Snake:1  | Mangled by a black mamba

Illustrated notes

Levels and vault maps discovered:
D:1:      orjb1_lava_funnel, layout_basic
D:2:      kennysheep_the_goblin_king, layout_rooms, hex_medium
D:3:      layout_basic, kennysheep_generic_room_4
D:4:      layout_cave_pods, tso_altar, temple_fountains
D:5:      layout_layer_cave
D:6:      layout_basic
D:7:      layout_basic, jmf_multi_god_temple2, mainiacjoe_overflow_divided_tiny,
          enter_bailey_7, uniq_jeremiah, uniq_maurice
D:8:      layout_basic, nicolae_dithmenos_shadow_blocks,
          nicolae_hepliaklqana_hippocampus
D:9:      layout_irregular_city, david_orc_3
D:10:     layout_loops_cross, dpeg_oklobed_lair
D:11:     layout_rooms
D:12:     layout_cave_pods, roderic_roman_lattice,
          nicolae_ru_great_annihilating_truth, uniq_nergalle, uniq_jorgrun,
          uniq_lodul, uniq_psyche
D:13:     layout_irregular_city, enter_trove_5, serial_shops,
          nicolae_shop_temple_entry_statues_fountains
D:14:     layout_big_octagon, hellmonk_vaults_attempted_burglary, uniq_kirke
D:15:     gammafunk_depths_entry_grave, layout_loops_cross, serial_park_avenue1,
          uniq_josephine, uniq_roxanne
Temple:   regret_index_temple_waves
Lair:1:   layout_roguey [special_room_bee], dreamdust_deal_with_the_devil,
          lemuel_fruit_tree, grunt_megastairs_5, uniq_joseph
Lair:2:   layout_regular_city, alex1729_snake_entry_snake, grunt_megastairs_4
Lair:3:   layout_chaotic_city, elwin_shoals_entry_stream,
          infiniplex_staircase_pool_2
Lair:4:   layout_gridlike
Lair:5:   cheibrodos_lair_end_hotspot, layout_gridlike,
          minmay_slime_entry_pillars, uniq_urug
Snake:1:  layout_grid_shapes, nicolae_snake_biting_tails, nrook_loot_triangle,
          nicolae_snake_gridmaze_squiggle, minmay_shop_mayhem,
          grunt_megastairs_1, uniq_aizul, uniq_rupert
Orc:1:    layout_caves, uniq_erica
Orc:2:    st_orc_rangers, layout_caves

Skill      XL: |  1  2  3  4  5  6  7  8  9 10 11 12 13 14 15 16 |
---------------+-------------------------------------------------+-----
Fighting       | 3 6 10 11 | 11.9
Spellcasting   | 1 3 5 10 11 15 | 15.0
Conjurations   | 1 3 10 | 10.0
Evocations     | 1 5 |  5.0
Throwing       | 1 |  1.0
Short Blades   | 3 |  3.0
Necromancy     | 3 4 5 7 |  7.0
Earth Magic    | 3 8 12 15 16 18 20 | 20.0
Dodging        | 4 5 |  5.0
Air Magic      | 5 |  5.0
Translocations | 2 |  2.0
Ice Magic      | 3 4 |  4.0
Stealth        | |  6.0

Action                     |  1- 3 |  4- 6 |  7- 9 | 10-12 | 13-15 | 16-18 || total
---------------------------+-------+-------+-------+-------+-------+-------++-------
  Melee: Short sword       |   133 |    81 |    46 |       |       |       ||   260
         Dagger            |       |       |    21 |   172 |    65 |       ||   258
  Throw: Dart              |     2 |     8 |     3 |       |       |       ||    13
   Cast: Vampiric Draining |       |    24 |    89 |    73 |       |       ||   186
         Stone Arrow       |       |       |    56 |   278 |   400 |     4 ||   738
         Mephitic Cloud    |       |       |       |     1 |       |       ||     1
         Borgnjor's Vile C |       |       |       |    12 |   179 |     1 ||   192
         Passwall          |       |       |       |     1 |       |       ||     1
         Lee's Rapid Decon |       |       |       |       |   274 |       ||   274
  Evoke: Wand              |       |       |       |    12 |    10 |       ||    22
    Use: Scroll            |     5 |     4 |     8 |     9 |    11 |     1 ||    38
         Potion            |       |     2 |     1 |       |     8 |     9 ||    20
   Stab: Sleeping          |    13 |     6 |     9 |     1 |     1 |       ||    30
         Distracted        |     1 |       |       |       |       |       ||     1
         Paralysed         |       |       |       |     1 |       |       ||     1
 Armour: Leather armour    |    50 |    13 |       |       |       |       ||    63
         Robe              |       |    26 |   101 |    77 |       |       ||   204
         Skin              |       |    19 |       |       |       |    83 ||   102
         Steam dragon scal |       |       |       |   203 |    94 |       ||   297
         Ring mail         |       |       |       |       |   184 |    28 ||   212
  Dodge: Dodged            |    60 |    70 |   105 |   308 |   235 |    14 ||   792

Table legend: (Time is in decaauts)
 A = Elapsed time spent in this place.
 B = Non-inter-level travel time spent in this place.
 C = Inter-level travel time spent in this place.
 D = Time resting spent in this place.
 E = Time spent auto-exploring this place.
 F = Levels seen in this place.
 G = Mean time per level.
                   A        B        C        D        E       F      G
               +--------+--------+--------+--------+--------+-----+--------+
         Total |  44083 |  42609 |   1474 |  23468 |  13627 |  24 | 1836.8 |
       Dungeon |  26984 |  26176 |    808 |  14153 |   8644 |  15 | 1798.9 |
        Temple |     52 |      2 |     50 |      0 |      0 |   1 |   52.0 |
          Lair |  14452 |  13942 |    510 |   7574 |   4626 |   5 | 2890.4 |
     Snake Pit |     13 |     13 |      0 |      0 |      0 |   1 |   13.0 |
  Orcish Mines |   2580 |   2476 |    104 |   1740 |    357 |   2 | 1290.0 |
               +--------+--------+--------+--------+--------+-----+--------+

Top non-repeatable levels by time:
  Lair:5: 3559 daAuts
  Lair:3: 2899 daAuts
  Lair:1: 2894 daAuts
  Lair:4: 2726 daAuts
     D:6: 2623 daAuts
     D:4: 2571 daAuts
  Lair:2: 2372 daAuts
     D:9: 2369 daAuts
    D:14: 2336 daAuts
    D:13: 2265 daAuts
    D:12: 1999 daAuts
    D:11: 1963 daAuts
    D:10: 1771 daAuts
     D:3: 1610 daAuts
    D:15: 1490 daAuts
